AoeStats
← Oswald

Arabian Desert

509204558Analyzed
1v1 RM · 6d ago on Sep 25, 2026· 16m 29s· 2 players
Game mode
Random Map
Map size
Tiny (2 player)
Population
200
Speed
Normal
Resources
Standard
Victory
Conquest
Starting age
Dark Age
Ending age
Imperial Age
RankedLock teamsTeams togetherTeam positionsShared explorationLock speedFull tech treeHidden civsTurbo modeCheats
Victory
Defeat
🇲🇽 Japanese · Mexico
1194
+18
🇺🇸 Vikings · United States
1228
-18
Oswald
7:13 Loom
10:12 Feudal Age
10:28 Man-at-Arms
15:00 Fletching
Mr. Zapata
4:17 Loom
10:50 Feudal Age
10:54 Man-at-Arms
11:58 Double-Bit Axe
Connection lost

Rejoining the realm…

Still unreachable

The connection could not be restored.

Session expired

The server has moved on; the page needs a fresh start.